 Dungeon Crawl Stone Soup version 0.23.2-1-ga50397a6bc (webtiles) character file.

Game seed: 8150292692817169113

70 Foic the Cudgeler (level 4, -4/44 HPs)
             Began as a Troll Berserker on May 12, 2019.
             Was a Follower of Trog.
             Slain by Natasha (9 damage)
             ... on level 2 of the Dungeon.
             The game lasted 00:03:43 (1065 turns).

Foic the Cudgeler (Troll Berserker)                 Turns: 1065, Time: 00:03:44

Health: -4/44      AC:  6    Str: 26    XL:     4   Next: 4%
Magic:  3/3        EV: 10    Int:  3    God:    Trog [*.....]
Gold:   54         SH:  0    Dex:  9    Spells: 3/3 levels left

rFire    . . .     SeeInvis .   a - +0 mace
rCold    . . .     Gourm    +   (no shield)
rNeg     . . .     Faith    .   b - +0 animal skin
rPois    .         Spirit   .   (helmet restricted)
rElec    .         Reflect  .   (no cloak)
rCorr    .         Harm     .   (gloves unavailable)
MR       .....                  (boots unavailable)
Stlth    +.........             (no amulet)
HPRegen  0.54/turn              (no ring)
MPRegen  0.08/turn              (no ring)

@: berserk cooldown, slowed, very slow
A: large, unfitting armour, claws 3, fast metabolism 3, gourmand, regeneration
1, shaggy fur 1, tough skin 3
a: Berserk, Renounce Religion


You were on level 2 of the Dungeon.
You worshipped Trog.
Trog was aware of your devotion.
You were full.

You visited 1 branch of the dungeon, and saw 2 of its levels.

You collected 54 gold pieces.

Inventory:

Hand Weapons
 a - a +0 mace (weapon)
Missiles
 k - 7 stones (quivered)
Armour
 b - a +0 animal skin (worn)
Scrolls
 d - a scroll of immolation {unknown}
 e - a scroll of remove curse {unknown}
 h - a scroll of enchant armour {unknown}
 i - a scroll of blinking {unknown}
 j - a scroll of amnesia {unknown}
Potions
 f - a potion of lignification {unknown}
 g - a potion of flight {unknown}
 l - a potion of heal wounds {unknown}
Comestibles
 c - 4 rations
 m - a chunk of flesh


   Skills:
 + Level 2.8 Fighting
 + Level 3.6 Maces & Flails
 + Level 3.0 Dodging


You had 3 spell levels left.
You didn't know any spells.
Your spell library was empty.

Dungeon Overview and Level Annotations

Branches:
Dungeon (2/15)

Altars:

Annotations:
D:2 Natasha


Innate Abilities, Weirdness & Mutations

You are too large for most types of armour.
You have claws for hands.
Your metabolism is lightning-fast.
You like to eat raw meat.
Your natural rate of healing is unusually fast.
You are covered in fur. (AC +1)
You have extremely tough skin. (AC +3)


Message History

You butcher the frilled lizard corpse.
m - a chunk of flesh
Things that are here:
a frilled lizard skeleton; a ball python skeleton; an adder skeleton You feel your anger nearly subside.
You are no longer berserk.
You are exhausted.
You feel yourself slow down.
Things that are here:
a frilled lizard skeleton; a ball python skeleton; an adder skeleton Natasha, Servant of Life and Death comes into view.
Natasha hisses angrily.
Natasha stares at you and mumbles some strange words.
You feel as though you will be slow longer.
Natasha casts a spell at you. The magic dart hits you!
* * * LOW HITPOINT WARNING * * *
You hit Natasha.
Natasha is moderately wounded.
Natasha claws you!
You die...

#.........####.##.............
#.........# #...#............
#.>.......# ###........#####.
#.........# #..(.÷......#
#.........# #...............
####.###### #................
... ##.#.##......#...
#h#÷####..#..... ..##@#.#
#..##.... #....#.####.......
###...............
##............ #.#..........
.............. #........##.###
[..?.....#. .. ......##.... ..


You could see Natasha.

Vanquished Creatures
  Natasha (D:2)
  3 adders (D:2)
  A leopard gecko (D:2)
  A ball python (D:2)
  4 bats
  5 hobgoblins
  3 frilled lizards
  A kobold (D:1)
  A rat (D:2)
20 creatures vanquished.

Notes
Turn   | Place    | Note
-------+----------+-------------------------------------------
     0 | D:1      | Foic the Troll Berserker began the quest for the Orb.
     0 | D:1      | Reached XP level 1. HP: 22/22 MP: 0/0
   853 | D:2      | Reached XP level 2. HP: 27/29 MP: 1/1
  1009 | D:2      | Reached XP level 3. HP: 29/36 MP: 2/2
  1026 | D:2      | Noticed Natasha
  1051 | D:2      | Killed Natasha
  1051 | D:2      | Reached XP level 4. HP: 6/44 MP: 3/3
  1059 | D:2      | Noticed Natasha
  1065 | D:2      | Slain by Natasha

Skill      XL: |  1  2  3 |
---------------+----------+-----
Maces & Flails | 3 |  3.6
Dodging        | 3 |  3.0
Fighting       | |  2.8

Action                   |  1- 3 |  4- 6 || total
-------------------------+-------+-------++-------
Melee: Mace              |    83 |     1 ||    84
Invok: Berserk           |     1 |       ||     1
  Eat: Chunk             |    12 |       ||    12
Armor: Animal skin       |    53 |       ||    53
Dodge: Dodged            |    72 |       ||    72
